 Dungeon Crawl Stone Soup version 0.26.0-18-gc5c842f807 (webtiles) character file.

Game seed: 5445444875616088894

1789 Bapho the Transmogrifier (level 8, -1/62 HPs)
             Began as a Grey Draconian Transmuter on Jan 23, 2021.
             Was an Elder of Ru.
             Slain by an orc warrior
             ... wielding a +0 glaive
              (20 damage)
             ... on level 8 of the Dungeon.
             The game lasted 00:15:38 (8344 turns).

Bapho the Transmogrifier (DrTm)                     Turns: 8344, Time: 00:15:38

Health: -1/62      AC:  6    Str: 13    XL:     8   Next: 82%
Magic:  8/12       EV: 20    Int: 16    God:    Ru [****..]
Gold:   355        SH:  0    Dex: 16    Spells: 4/13 levels left

rFire    x . .     SeeInvis .     - Unarmed
rCold    x . .     Faith    .   (shield currently unavailable)
rNeg     . . .     Spirit   .   (armour unavailable)
rPois    x         Reflect  .   (helmet currently unavailable)
rElec    .         Harm     .   (cloak currently unavailable)
rCorr    .         Rampage  .   (gloves currently unavailable)
Will     .....                  (boots currently unavailable)
Stlth    +.........             (no amulet)
HPRegen  0.20/turn              o - +4 ring of protection
MPRegen  0.13/turn              (no ring)

@: spider-form
A: tiny, (walk through water), unfitting armour, unskilled 1, temperature
sensitive, AC +11
a: End Transformation, Renounce Religion, Draw Out Power, Power Leap


You were on level 8 of the Dungeon.
You worshipped Ru.
Ru was greatly pleased with you.
You were a venomous arachnid creature.
You visited 1 branch of the dungeon, and saw 8 of its levels.

You collected 355 gold pieces.

Inventory:

Missiles
 b - 208 stones (quivered)
Armour
 k - a +0 pair of boots (melded)
Jewellery
 o - a +4 ring of protection (left front leg)
Wands
 l - a wand of polymorph (9)
 r - a wand of enslavement (8)
 t - a wand of paralysis (3)
 v - a wand of disintegration (9)
Scrolls
 a - 4 scrolls of remove curse
 c - a scroll of amnesia
 g - a scroll of fog
 i - 4 scrolls of identify
 n - a scroll of blinking {unknown}
Potions
 d - a potion of flight {unknown}
 e - a potion of cancellation {unknown}
 f - a potion of resistance {unknown}
 h - a potion of invisibility {unknown}
 j - a potion of berserk rage {unknown}
 m - 5 potions of curing {unknown}
 p - a potion of might {unknown}
 q - 2 potions of attraction
 s - a potion of brilliance {unknown}
 u - a potion of heal wounds {unknown}


   Skills:
 - Level 2.7 Fighting
 - Level 2.6 Dodging
 - Level 3.1 Unarmed Combat
 - Level 3.2 Spellcasting
 * Level 8.9 Transmutations
 - Level 2.7 Poison Magic


You had 4 spell levels left.
You knew the following spells:

 Your Spells              Type           Power        Failure   Level
a - Beastly Appendage     Tmut           62%          3%          1
b - Spider Form           Tmut/Pois      10%          14%         3
c - Blade Hands           Tmut           15%          30%         5

Your spell library contained the following spells:

 Spells                   Type           Power        Failure   Level
 Wereblood                Tmut           31%          4%          2
 Ice Form                 Ice/Tmut       16%          50%         4


Dungeon Overview and Level Annotations

Branches:
Dungeon (8/15)             Temple (0/1) D:5            Lair (0/6) D:8

Altars:
Hepliaklqana
Nemelex Xobeh
Ru
Uskayaw
Vehumet

Shops:
D:7 (


Innate Abilities, Weirdness & Mutations

((You can walk through water.))
((Your dull iron-grey scales are very hard. (AC +11)))
You cannot fit into any form of body armour.
((You can survive without breathing.))
((You are cold-blooded and may be slowed by cold attacks.))
You are somewhat unskilled. (-1 Apt)
You are sensitive to extremes of temperature. (rF-, rC-)


Message History

You hit the gnoll.
The gnoll looks as sick as possible!
The gnoll is severely wounded.
Your transformation has ended.
Your +0 pair of boots unmelds from your body.
The gnoll is stunned by your conviction and fails to attack.
The gnoll hits you but does no damage.
Casting: Spider Form (dangerous; 4% risk of failure)
Confirm with . or Enter, or press ? or * to list all spells.
You turn into a venomous arachnid creature.
Your +0 pair of boots melds into your body.
The gnoll barely misses you. The gnoll completely misses you.
You bite the gnoll!
You kill the gnoll!
The orc warrior hits you from afar with a +0 glaive!
The bullfrog misses you. The gnoll hits you with a +0 spear!
You completely miss the bullfrog.
An orc comes into view. It is wielding a -1 whip.
The bullfrog barely misses you.
The orc warrior hits you from afar with a +0 glaive!!
You die...

#.. #..########
#.........#######
+................
#....<###.######
#..#### #.# .... #
#.## ##
#.?.#.F######o..
.......Ygs.oo.....
.......g#####.....
.###...## ... #!..
. ....# .....
.....


You could see an orc warrior, an ice beast, a bullfrog, 2 gnolls and 2 orcs.

Vanquished Creatures
  3 orc warriors
  3 sky beasts
  An ogre (D:3)
  A big kobold (D:7)
  A bullfrog (D:7)
  2 scorpions
  A jelly (D:6)
  2 howler monkeys
  A centaur zombie (D:7)
  A bullfrog zombie (D:7)
  5 orc priests
  A hound (D:6)
  2 orc wizards
  3 worker ants
  Robin (D:4)
  A worker ant zombie (D:5)
  9 gnolls
  2 howler monkey skeletons (D:7)
  12 adders
  3 shadow imps
  An ooze (D:1)
  An adder skeleton (D:6)
  An adder zombie (D:5)
  2 worms
  2 dart slugs (D:1)
  2 leopard geckos
  19 orcs
  7 bats
  7 giant cockroaches
  17 goblins
  13 hobgoblins
  13 jackals
  9 kobolds
  A quokka (D:6)
  3 ball pythons
  5 frilled lizards
  A jackal zombie (D:5)
  A leopard gecko skeleton (D:5)
  A quokka skeleton (D:4)
  7 rats
168 creatures vanquished.

Vanquished Creatures (others)
  An orc (D:6)
1 creature vanquished.

Grand Total: 169 creatures vanquished

Notes
Turn   | Place    | Note
-------+----------+-------------------------------------------
     0 | D:1      | Bapho the Draconian Transmuter began the quest for the Orb.
     0 | D:1      | Reached XP level 1. HP: 16/16 MP: 3/3
   193 | D:1      | Reached XP level 2. HP: 10/23 MP: 3/5
   987 | D:1      | Reached XP level 3. HP: 29/29 MP: 4/6
   991 | D:1      | Learned a level 3 spell: Spider Form
  1572 | D:2      | Found a sacrificial altar of Ru.
  1676 | D:2      | Became a worshipper of Ru the Awakened
  1832 | D:2      | Reached skill level 1 in Poison Magic
  1872 | D:2      | Reached XP level 4. HP: 17/36 MP: 3/7
  2517 | D:2      | Found a sparkling altar of Nemelex Xobeh.
  3634 | D:3      | Gained mutation: You are sensitive to extremes of
                  | temperature. (rF-, rC-) [Ru sacrifice]
  3634 | D:3      | Reached * piety under Ru
  3634 | D:3      | Reached ** piety under Ru
  3740 | D:3      | Reached skill level 3 in Transmutations
  3740 | D:3      | Reached XP level 5. HP: 41/41 MP: 2/9
  3801 | D:3      | Noticed an ogre
  3815 | D:3      | Killed an ogre
  3927 | D:4      | Found a hide-covered altar of Uskayaw.
  4004 | D:4      | Reached XP level 6. HP: 48/48 MP: 4/11
  4644 | D:4      | Noticed Robin
  4658 | D:4      | Killed Robin
  4828 | D:4      | Found a hazy altar of Hepliaklqana.
  4855 | D:5      | Entered Level 5 of the Dungeon
  4924 | D:5      | Learned a level 5 spell: Blade Hands
  5289 | D:5      | Found a staircase to the Ecumenical Temple.
  5301 | D:5      | Reached skill level 4 in Transmutations
  5745 | D:5      | Gained mutation: You are somewhat unskilled. (-1 Apt) [Ru
                  | sacrifice]
  5745 | D:5      | Reached *** piety under Ru
  5745 | D:5      | Reached **** piety under Ru
  5771 | D:6      | Noticed a sky beast
  5783 | D:6      | Killed a sky beast
  5784 | D:6      | Your scales start taking on a dull iron-grey colour.
  5784 | D:6      | Reached XP level 7. HP: 48/56 MP: 3/11
  5784 | D:6      | Gained mutation: You can survive without breathing. [Grey
                  | Draconian growth]
  6027 | D:6      | Reached skill level 5 in Transmutations
  6386 | D:6      | Reached skill level 6 in Transmutations
  7174 | D:6      | Reached XP level 8. HP: 53/62 MP: 8/12
  7490 | D:7      | Reached skill level 7 in Transmutations
  7671 | D:7      | Found Suwk's Weapon Boutique.
  7722 | D:7      | Reached skill level 8 in Transmutations
  8169 | D:7      | Found a radiant altar of Vehumet.
  8321 | D:8      | Found a staircase to the Lair.
  8344 | D:8      | Slain by an orc warrior

Illustrated notes

Levels and vault maps discovered:
D:1:      psy_arrival_statuary, layout_basic, nrook_mini_vaults,
          supply_closet_lemuel, minmay_misc_feat_rugged,
          minmay_misc_feat_columns, minmay_tall_x
D:2:      layout_basic, nemelex_xobeh_ov_fountains_minmay,
          nicolae_ru_sacrificial_ziggurat
D:3:      layout_basic
D:4:      layout_cave_pods, eat_drink_and_be_merry_uskayaw,
          general_overflow_altar, uniq_robin
D:5:      layout_loops_cross, minmay_temple_entry_glass,
          minmay_misc_feat_diagonals
D:6:      layout_basic
D:7:      layout_rooms, old_standard_altar, serial_shops, shop, lightli_minifort
D:8:      layout_basic, nicolae_overflow_crystal_walls, old_standard_altar,
          lair_entry_dummy, basic_altar, roderic_cross_of_infinity, uniq_maurice

Skill      XL: |  1  2  3  4  5  6  7  8 |
---------------+-------------------------+-----
Dodging        | 2 |  2.6
Fighting       | 2 |  2.7
Poison Magic   | 1 2 2 |  2.7
Transmutations | 3 4 6 8 |  8.9
Spellcasting   | 3 |  3.2
Unarmed Combat | |  3.1

Action                   |  1- 3 |  4- 6 |  7- 9 || total
-------------------------+-------+-------+-------++-------
Melee: Unarmed           |   112 |   227 |   250 ||   589
       Kick              |    16 |     2 |       ||    18
       Tailslap          |     3 |    11 |     9 ||    23
       Headbutt          |    11 |     2 |       ||    13
       Punch             |       |     2 |       ||     2
Throw: Stone             |    78 |    85 |    27 ||   190
 Cast: Beastly Appendage |    22 |     8 |       ||    30
       Spider Form       |     2 |    14 |    20 ||    36
Invok: Sacrifice Resista |       |     1 |       ||     1
       Sacrifice Skill   |       |     1 |       ||     1
       Power Leap        |       |       |     1 ||     1
  Use: Scroll            |     2 |     6 |       ||     8
 Stab: Invisible         |       |       |     4 ||     4
       Distracted        |       |       |     2 ||     2
Armor: Skin              |    44 |    43 |    35 ||   122
Dodge: Dodged            |    97 |   149 |   195 ||   441
